 Dungeon Crawl Stone Soup version 0.28.0-53-g5a82cb258f (webtiles) character file.

Game seed: 1921027443852335326

681 Zeld the Gusty (level 7, 0/36 HPs)
             Began as a Tengu Air Elementalist on June 7, 2022.
             Was an Initiate of Gozag.
             Succumbed to a killer bee's poison
             ... on level 4 of the Dungeon.
             The game lasted 00:04:46 (5096 turns).

Zeld the Gusty (Tengu Air Elementalist)             Turns: 5096, Time: 00:04:47

Health: 0/36       AC:  3    Str:  9    XL:     7   Next: 61%
Magic:  14/14      EV: 16    Int: 24    God:    Gozag
Gold:   101        SH:  0    Dex: 16    Spells: 4/14 levels left

rFire   . . .      SeeInvis .   a - +4 long sword of Intuition {venom, rN+ Int+7}
rCold   . . .      Faith    .   (no shield)
rNeg    + . .      Spirit   .   p - +0 robe
rPois   .          Reflect  .   (helmet restricted)
rElec   .          Harm     .   (no cloak)
rCorr   .          Rampage  .   q - +0 pair of gloves
Will    .....                   (boots unavailable)
Stlth   +++.......              (no amulet)
HPRegen 0.12/turn               (no ring)
MPRegen 0.14/turn               (no ring)

@: lethally poisoned (0 -> -5), gold aura, attractive, flying quickly and
evasively, quick
A: beak, talons 3, nimble flight, agile 1, MP-powered wands
a: Renounce Religion, Potion Petition, Call Merchant, Bribe Branch


You were on level 4 of the Dungeon.
You worshipped Gozag.
Gozag was aware of your devotion.
You visited 2 branches of the dungeon, and saw 5 of its levels.

You collected 220 gold pieces.
You spent 49 gold pieces at shops.
You paid 70 gold pieces to Gozag.

Inventory:

Hand Weapons
 a - the +4 long sword of Intuition (weapon) {venom, rN+ Int+7}
   (You found it on level 4 of the Dungeon)

   It poisons the flesh of those it strikes.
   Int:       It affects your intelligence (+7).
   rN:        It protects you from negative energy.
Armour
 p - a +0 robe (worn)
 q - a +0 pair of gloves (worn)
Wands
 m - a wand of iceblast (1)
Scrolls
 c - a scroll of magic mapping {unknown}
 f - a scroll of summoning {unknown}
 i - a scroll of fear
 k - a scroll of enchant armour {unknown}
 l - 2 scrolls of teleportation {unknown}
 n - 3 scrolls of identify {unknown}
 s - 2 scrolls of vulnerability {unknown}
Potions
 d - a potion of mutation
 e - a potion of lignification {unknown}
 g - a potion of ambrosia {unknown}
 h - a potion of magic
 j - a potion of degeneration {unknown}
 o - a potion of haste {unknown}
 r - a potion of curing {unknown}


   Skills:
 + Level 3.9 Dodging
 + Level 3.8 Stealth
 * Level 4.4 Spellcasting
 + Level 4.0 Conjurations
 * Level 6.8 Air Magic


You had 4 spell levels left.
You knew the following spells:

 Your Spells              Type           Power      Damage    Failure   Level
a - Shock                 Conj/Air       100%       1d9       1%          1
b - Static Discharge      Conj/Air       31%        N/A       1%          2
c - Swiftness             Air            38%        N/A       1%          3
d - Airstrike             Air            19%        N/A       5%          4

Your spell library contained the following spells:

 Spells                   Type           Power      Damage    Failure   Level
 Apportation              Tloc           10%        N/A       10%         1
 Alistair's Intoxication  Tmut/Pois      3%         N/A       95%         5


Dungeon Overview and Level Annotations

Branches:
Dungeon (4/15)             Temple (1/1) D:4

Altars:
Ashenzari
Elyvilon
Gozag
Makhleb
Nemelex Xobeh
Okawaru
Qazlal
Sif Muna
Trog
Vehumet
Wu Jian
Xom
Yredelemnul
Zin

Shops:
D:2 *   D:3 (


Innate Abilities, Weirdness & Mutations

You have a beak for a mouth.
You have claws for feet.
Your magical nature lets you fly swiftly and evasively.
You are agile. (Dex +2)
You expend magic power (3 MP) to strengthen your wands.


Message History

A killer bee is nearby!
You slash the killer bee! Your kick misses the killer bee.
Your peck misses the killer bee.
The killer bee is heavily wounded.
The killer bee stings you but does no damage. x2
An endoplasm comes into view.
The killer bee closely misses you.
You barely miss the killer bee. Your peck misses the killer bee.
The killer bee is heavily wounded.
The killer bee stings you.
You are poisoned.
The killer bee poisons you! The killer bee stings you!
* * * LOW HITPOINT WARNING * * *
The killer bee barely misses you.
Okay, then.
Casting: Static Discharge (safe; 1% risk of failure)
Confirm with . or Enter, or press ? or * to list all spells.
The killer bee is struck by an arc of lightning!
You kill the killer bee!
The endoplasm is struck by an arc of lightning.
The endoplasm is heavily wounded.
* * * LOW HITPOINT WARNING * * *
You feel very sick.
It was a potion of magic.
Magic courses through your body.
* * * LOW HITPOINT WARNING * * *
You feel sick. The endoplasm barely misses you.
Okay, then.
Okay, then.
Unknown command.
It was a potion of mutation.
You feel extremely strange.
You feel your magical essence link to the dungeon's wands.
You feel agile.
* * * LOW HITPOINT WARNING * * *
You feel sick. The endoplasm hits you.
* * * LOW HITPOINT WARNING * * *
Unknown command.
It was a potion of attraction.
You feel attractive to monsters.
You die...
Your body crumbles into a pile of gold.

..# ..# .## .# .#
####### .# #.?...
## ###########...#
# #
#......[.....##.##
#
#............@J(.#
#
#.........$..##.##
####.............#
# .#
#.$....$.....#####
$ ..# #
..##........## $
.. # ..##..))....#
$$ .## #
..##..).....# ###
$##..# #
........))..# $$
#.####...# #
.####.#####.##
$##......#.# #


You could see an endoplasm.

Vanquished Creatures
  Grinder (D:3)
  A black bear (D:4)
  An ogre (D:3)
  A water moccasin skeleton (D:4)
  A killer bee (D:4)
  2 howler monkeys
  3 gnolls (D:3)
  3 adders
  An adder skeleton (D:4)
  2 dart slugs
  5 orcs (D:4)
  9 ball pythons
  10 endoplasms
  2 giant cockroaches
  9 hobgoblins
  7 jackals
  7 kobolds
  2 quokkas (D:2)
  7 bats
  A frilled lizard (D:2)
  4 goblins
  9 rats
88 creatures vanquished.

Vanquished Creatures (others)
  37 plants (D:3)
37 creatures vanquished.

Grand Total: 125 creatures vanquished

Notes
Turn   | Place    | Note
-------+----------+-------------------------------------------
     0 | D:1      | Zeld the Tengu Air Elementalist began the quest for the
                  | Orb.
     0 | D:1      | Reached XP level 1. HP: 10/10 MP: 4/4
   102 | D:1      | Reached XP level 2. HP: 15/15 MP: 1/6
   240 | D:1      | Learned a level 2 spell: Static Discharge
  1470 | D:1      | Reached XP level 3. HP: 15/19 MP: 7/7
  1474 | D:1      | Learned a level 3 spell: Swiftness
  2327 | D:2      | Found Rikhamme's General Store.
  2336 | D:2      | Bought a scroll of fear for 49 gold pieces
  2491 | D:2      | Reached XP level 4. HP: 24/24 MP: 7/9
  2786 | D:3      | Reached skill level 5 in Air Magic
  2796 | D:3      | Found Taxoraz's Weapon Shop.
  3178 | D:3      | Gained mutation: Your magical nature lets you fly swiftly
                  | and evasively. [Tengu growth]
  3178 | D:3      | Reached XP level 5. HP: 24/28 MP: 4/10
  3183 | D:3      | Learned a level 4 spell: Airstrike
  3344 | D:3      | Noticed Grinder
  3375 | D:3      | Killed Grinder
  3376 | D:3      | Reached XP level 6. HP: 30/32 MP: 0/12
  3708 | D:3      | Reached skill level 6 in Air Magic
  4135 | D:3      | Reached XP level 7. HP: 34/36 MP: 8/13
  4208 | D:3      | Found an iron altar of Okawaru.
  4401 | D:4      | Found a staircase to the Ecumenical Temple.
  4487 | Temple   | Entered the Ecumenical Temple
  4538 | Temple   | Became a worshipper of Gozag Ym Sagoz the Greedy
  4927 | D:4      | Identified the +4 long sword of Intuition {venom, rN+
                  | Int+7}
  5095 | D:4      | Gained mutation: You expend magic power (3 MP) to
                  | strengthen your wands. [potion of mutation]
  5095 | D:4      | Gained mutation: You are agile. (Dex +2) [potion of
                  | mutation]
  5096 | D:4      | Succumbed to a killer bee's poison

Illustrated notes

Levels and vault maps discovered:
D:1:      minmay_arrival_hallway, layout_loops_corners, feat_on_display
D:2:      layout_basic, serial_shops, shop, minmay_randomly_rotated_circles
D:3:      layout_rooms, okawaru_trees_2, serial_shops,
          nicolae_shop_bloodbath_and_beyond, minmay_misc_feat_rows,
          minmay_misc_feat_x, nrook_mini_vaults, serial_bayou_lagoon_a,
          mrwooster_statue_mirror, uniq_grinder
D:4:      layout_basic, temple_green, minmay_joined_circles
Temple:   dshaligram_water_room_temple

Skill      XL: |  1  2  3  4  5  6  7 |
---------------+----------------------+-----
Conjurations   | 2 3 4 |  4.0
Air Magic      | 5 6 |  6.8
Spellcasting   | 3 4 |  4.4
Dodging        | 3 |  3.9
Stealth        | 3 |  3.8

Action                   |  1- 3 |  4- 6 |  7- 9 || total
-------------------------+-------+-------+-------++-------
Melee: Unarmed           |    27 |     7 |       ||    34
       Kick              |    10 |     2 |     5 ||    17
       Peck              |     5 |     1 |     2 ||     8
       Dagger            |     6 |       |       ||     6
       Punch             |     1 |       |       ||     1
       Long sword        |       |       |    16 ||    16
       Staff             |       |       |     7 ||     7
 Cast: Shock             |    63 |    56 |     3 ||   122
       Static Discharge  |     1 |     7 |    15 ||    23
       Airstrike         |       |     4 |       ||     4
       Swiftness         |       |     1 |       ||     1
Evoke: Wand              |       |     1 |       ||     1
  Use: Potion            |       |       |     3 ||     3
 Stab: Sleeping          |     1 |       |     1 ||     2
Armor: Robe              |    15 |     2 |     7 ||    24
Dodge: Dodged            |    46 |    15 |    30 ||    91
